[ AOE2 MATCH · #506089042 ]
UnrankedMagyars vs Tupi
Player's team · WIN
Rival team · LOSS
[ REPLAY ANALYSIS · EXTRACTED FROM THE RECORDED GAME ]
Feudal
12:43
Castle
24:25
Imperial
32:29
| APM avg | 44.1 |
| APM peak | 111 |
| eAPM avg | 24.2 |
| Villagers / military | 85 / 37 |
Focus
⚔️ 27.1% · 🌾 72.9%
Scout Cavalry ×24 · Fishing Ship ×23 · Magyar Huszar ×8 · Trebuchet (Packed) ×3 · Mangonel ×2
Feudal
12:15
Castle
23:00
Imperial
36:28
| APM avg | 39.7 |
| APM peak | 88 |
| eAPM avg | 28.5 |
| Villagers / military | 90 / 5 |
Focus
⚔️ 25.0% · 🌾 75.0%
Battering Ram ×4 · Unknown (2550) ×2 · Trebuchet (Packed) ×1
Match map
Initial resources + every placement click. Lines = walls · curves = elevation contours. ◆ gold · ⬟ stone · ● berries · ✦ relic · ◌ wall gap
Your base· ✓ Closed at 24:25 · 35t walls · no gate
HiddenZebra's base· Open — opponent sealed themselves in
Smoothed initial terrain · ◌ = detected wall gap · hover for details
Inputs per minute
— Ceeelebrate - - HiddenZebra
Build order — Ceeelebrate
First 150 of 294 actions detected
| 0:00 | Create | Villager (Male) |
| 0:01 | Build | House |
| 0:02 | Build | House |
| 0:07 | Research | Loom |
| 0:08 | Create | Villager (Male) |
| 0:08 | Create | Villager (Male) |
| 0:17 | Create | Villager (Male) |
| 0:22 | Build | Palisade Wall |
| 2:03 | Create | Villager (Male) |
| 2:22 | Build | Palisade Wall |
| 2:22 | Build | Palisade Wall |
| 2:23 | Build | Palisade Wall |
| 2:25 | Build | Palisade Wall |
| 2:49 | Build | Lumber Camp |
| 2:55 | Create | Villager (Male) |
| 3:27 | Create | Villager (Male) |
| 3:35 | Build | House |
| 3:57 | Create | Villager (Male) |
| 4:19 | Build | Palisade Wall |
| 4:21 | Build | Palisade Wall |
| 4:24 | Build | Palisade Wall |
| 4:26 | Build | Palisade Wall |
| 4:29 | Build | Palisade Wall |
| 4:30 | Create | Villager (Male) |
| 4:30 | Create | Villager (Male) |
| 4:34 | Build | Palisade Wall |
| 4:40 | Build | Palisade Wall |
| 4:53 | Build | Palisade Wall |
| 4:57 | Create | Villager (Male) |
| 5:06 | Build | Palisade Wall |
| 5:34 | Create | Villager (Male) |
| 5:44 | Build | House |
| 5:57 | Create | Villager (Male) |
| 6:29 | Create | Villager (Male) |
| 6:58 | Create | Villager (Male) |
| 6:58 | Create | Villager (Male) |
| 7:29 | Build | Dock |
| 7:30 | Create | Villager (Male) |
| 7:46 | Build | House |
| 7:59 | Create | Villager (Male) |
| 7:59 | Create | Villager (Male) |
| 8:19 | Create | Fishing Ship |
| 8:37 | Create | Villager (Male) |
| 9:05 | Create | Fishing Ship |
| 9:25 | Create | Villager (Male) |
| 9:27 | Build | House |
| 9:56 | Create | Villager (Male) |
| 10:00 | Build | Mining Camp |
| 10:13 | Create | Fishing Ship |
| 10:33 | Research | Feudal Age |
| 10:33 | Research | Feudal Age |
| 11:14 | Build | Lumber Camp |
| 11:28 | Create | Villager (Male) |
| 11:33 | Build | House |
| 11:36 | Create | Fishing Ship |
| 12:18 | Build | Mill |
| 12:38 | Build | Palisade Wall |
| 12:43 | Age | Feudal Age |
| 12:50 | Build | Stone Wall |
| 12:53 | Build | Stone Wall |
| 12:54 | Build | Stone Wall |
| 12:55 | Create | Villager (Male) |
| 13:15 | Create | Villager (Male) |
| 13:22 | Create | Fishing Ship |
| 13:26 | Build | Market |
| 13:33 | Build | Watch Tower |
| 13:38 | Create | Villager (Male) |
| 13:53 | Create | Villager (Male) |
| 14:03 | Research | Double-Bit Axe |
| 14:32 | Create | Villager (Male) |
| 14:44 | Create | Villager (Male) |
| 15:14 | Build | Watch Tower |
| 15:20 | Build | House |
| 15:21 | Create | Villager (Male) |
| 15:24 | Research | Town Watch |
| 15:41 | Create | Villager (Male) |
| 15:55 | Create | Villager (Male) |
| 16:20 | Create | Villager (Male) |
| 16:21 | Build | House |
| 16:29 | Create | Fishing Ship |
| 16:31 | Build | Fish Trap |
| 16:33 | Build | Fish Trap |
| 16:36 | Build | Fish Trap |
| 16:51 | Build | Blacksmith |
| 16:53 | Create | Villager (Male) |
| 17:25 | Create | Villager (Male) |
| 17:35 | Research | Fletching |
| 17:35 | Research | Fletching |
| 17:43 | Create | Villager (Male) |
| 17:51 | Create | Villager (Male) |
| 17:54 | Build | Mining Camp |
| 18:19 | Create | Villager (Male) |
| 18:30 | Build | Fish Trap |
| 18:33 | Build | Fish Trap |
| 18:34 | Create | Fishing Ship |
| 18:55 | Create | Villager (Male) |
| 19:09 | Create | Fishing Ship |
| 19:12 | Build | House |
| 19:16 | Build | Fish Trap |
| 19:40 | Create | Villager (Male) |
| 19:57 | Create | Villager (Male) |
| 20:08 | Create | Villager (Male) |
| 20:12 | Build | Fish Trap |
| 20:21 | Create | Fishing Ship |
| 20:48 | Build | Dock |
| 20:51 | Create | Villager (Male) |
| 21:14 | Create | Villager (Male) |
| 21:39 | Research | Castle Age |
| 21:47 | Build | Lumber Camp |
| 22:17 | Create | Fishing Ship |
| 22:20 | Build | Fish Trap |
| 22:25 | Build | House |
| 22:26 | Build | House |
| 22:48 | Create | Fishing Ship |
| 22:51 | Build | House |
| 22:52 | Build | House |
| 22:52 | Build | House |
| 23:24 | Create | Villager (Male) |
| 23:24 | Create | Villager (Male) |
| 23:38 | Build | Fish Trap |
| 23:41 | Build | Fish Trap |
| 23:46 | Create | Fishing Ship |
| 24:08 | Create | Villager (Male) |
| 24:25 | Age | Castle Age |
| 24:27 | Build | Siege Workshop |
| 24:31 | Create | Villager (Male) |
| 24:34 | Research | Bow Saw |
| 24:55 | Build | Castle |
| 24:56 | Create | Mangonel |
| 25:00 | Create | Villager (Male) |
| 25:08 | Build | Fish Trap |
| 25:22 | Build | House |
| 25:34 | Build | House |
| 25:36 | Create | Villager (Male) |
| 25:46 | Build | Castle |
| 26:17 | Create | Villager (Male) |
| 26:33 | Build | Town Center |
| 26:41 | Create | Villager (Male) |
| 26:45 | Create | Fishing Ship |
| 26:45 | Create | Fishing Ship |
| 26:46 | Create | Fishing Ship |
| 26:46 | Create | Fishing Ship |
| 26:51 | Create | Magyar Huszar |
| 26:52 | Create | Magyar Huszar |
| 26:52 | Create | Magyar Huszar |
| 26:54 | Research | Scale Barding Armor |
| 26:58 | Create | Villager (Male) |
| 27:16 | Create | Villager (Male) |
| 27:17 | Create | Villager (Male) |
| 27:19 | Create | Villager (Male) |
Build order — HiddenZebra
First 150 of 200 actions detected
| 0:01 | Create | Villager (Male) |
| 0:01 | Create | Villager (Male) |
| 0:01 | Create | Villager (Male) |
| 0:01 | Create | Villager (Male) |
| 0:02 | Build | House |
| 0:04 | Build | House |
| 0:28 | Research | Loom |
| 0:39 | Create | Villager (Male) |
| 0:39 | Create | Villager (Male) |
| 1:20 | Create | Villager (Male) |
| 2:12 | Create | Villager (Male) |
| 2:12 | Create | Villager (Male) |
| 2:56 | Create | Villager (Male) |
| 3:04 | Build | Palisade Wall |
| 3:06 | Build | Palisade Wall |
| 3:26 | Create | Villager (Male) |
| 3:34 | Build | Palisade Wall |
| 3:41 | Build | House |
| 3:59 | Create | Villager (Male) |
| 4:25 | Create | Villager (Male) |
| 4:56 | Create | Villager (Male) |
| 5:08 | Build | Settlement |
| 5:29 | Create | Villager (Male) |
| 5:55 | Create | Villager (Male) |
| 6:14 | Create | Villager (Male) |
| 6:41 | Create | Villager (Male) |
| 7:22 | Create | Villager (Male) |
| 7:34 | Create | Villager (Male) |
| 7:35 | Create | Villager (Male) |
| 7:39 | Build | Palisade Wall |
| 8:00 | Create | Villager (Male) |
| 8:00 | Create | Villager (Male) |
| 8:05 | Build | Palisade Wall |
| 8:09 | Build | Palisade Wall |
| 8:42 | Create | Villager (Male) |
| 8:43 | Create | Villager (Male) |
| 8:57 | Create | Villager (Male) |
| 9:20 | Build | House |
| 9:53 | Build | House |
| 10:05 | Research | Feudal Age |
| 10:22 | Build | Settlement |
| 10:48 | Build | Barracks |
| 11:13 | Create | Villager (Male) |
| 11:47 | Create | Unit 2550 |
| 11:48 | Create | Unit 2550 |
| 11:50 | Create | Villager (Male) |
| 12:15 | Age | Feudal Age |
| 12:18 | Build | Watch Tower |
| 12:23 | Build | Settlement |
| 12:33 | Build | Settlement |
| 12:41 | Build | Archery Range |
| 12:47 | Create | Villager (Male) |
| 13:07 | Create | Villager (Male) |
| 13:33 | Create | Villager (Male) |
| 13:44 | Build | Watch Tower |
| 14:27 | Create | Villager (Male) |
| 14:28 | Build | Blacksmith |
| 14:29 | Create | Villager (Male) |
| 15:16 | Create | Villager (Male) |
| 15:17 | Research | Fletching |
| 15:58 | Create | Villager (Male) |
| 15:58 | Create | Villager (Male) |
| 16:10 | Create | Villager (Male) |
| 16:58 | Build | Watch Tower |
| 16:59 | Create | Villager (Male) |
| 17:36 | Create | Villager (Male) |
| 17:41 | Build | Settlement |
| 18:04 | Build | Watch Tower |
| 18:05 | Create | Villager (Male) |
| 18:25 | Create | Villager (Male) |
| 18:26 | Build | Market |
| 18:47 | Create | Villager (Male) |
| 19:18 | Create | Villager (Male) |
| 19:51 | Create | Villager (Male) |
| 20:20 | Research | Castle Age |
| 21:39 | Research | Stone Mining |
| 22:05 | Build | Farm |
| 22:05 | Build | Farm |
| 22:06 | Build | Farm |
| 22:06 | Build | Farm |
| 22:06 | Build | Farm |
| 22:09 | Build | Farm |
| 22:10 | Build | Farm |
| 22:10 | Build | Farm |
| 22:17 | Research | Double-Bit Axe |
| 22:45 | Create | Villager (Male) |
| 23:00 | Age | Castle Age |
| 23:29 | Build | Siege Workshop |
| 23:32 | Create | Villager (Male) |
| 23:33 | Create | Villager (Male) |
| 23:49 | Create | Battering Ram |
| 23:49 | Create | Battering Ram |
| 23:53 | Create | Villager (Male) |
| 24:05 | Create | Villager (Male) |
| 24:23 | Create | Battering Ram |
| 25:00 | Create | Villager (Male) |
| 25:17 | Create | Villager (Male) |
| 25:33 | Build | Castle |
| 25:52 | Build | Castle |
| 26:08 | Create | Villager (Male) |
| 26:26 | Build | Castle |
| 26:34 | Create | Villager (Male) |
| 26:34 | Create | Villager (Male) |
| 26:38 | Build | Town Center |
| 26:40 | Build | Farm |
| 26:40 | Build | Farm |
| 26:40 | Build | Farm |
| 26:41 | Build | Farm |
| 26:41 | Build | Farm |
| 26:41 | Build | Farm |
| 26:41 | Build | Farm |
| 26:43 | Research | Wheelbarrow |
| 26:54 | Build | Settlement |
| 27:26 | Research | Bow Saw |
| 27:39 | Build | Farm |
| 27:42 | Create | Villager (Male) |
| 27:52 | Build | Settlement |
| 28:02 | Create | Villager (Male) |
| 28:13 | Create | Battering Ram |
| 28:15 | Create | Villager (Male) |
| 28:38 | Create | Villager (Male) |
| 28:41 | Build | Farm |
| 28:43 | Build | Farm |
| 28:44 | Build | Farm |
| 28:45 | Build | Farm |
| 28:46 | Create | Villager (Male) |
| 28:47 | Create | Villager (Male) |
| 28:51 | Build | Farm |
| 28:55 | Build | Farm |
| 28:55 | Build | Farm |
| 28:55 | Build | Farm |
| 29:00 | Build | Farm |
| 29:02 | Create | Villager (Male) |
| 29:07 | Build | Farm |
| 29:08 | Build | Farm |
| 29:22 | Build | Stone Wall |
| 29:23 | Build | Stone Wall |
| 29:26 | Build | Stone Wall |
| 29:30 | Create | Villager (Male) |
| 29:31 | Create | Villager (Male) |
| 29:34 | Build | Farm |
| 29:37 | Create | Villager (Male) |
| 29:39 | Build | Farm |
| 29:43 | Build | Farm |
| 29:43 | Build | Farm |
| 29:46 | Build | Farm |
| 30:01 | Create | Villager (Male) |
| 30:29 | Create | Villager (Male) |
| 30:29 | Create | Villager (Male) |
| 30:29 | Create | Villager (Male) |
Match timeline
| 0:22 | Ceeelebrate · wall_segment Palisade Wall x10 |
| 2:22 | Ceeelebrate · wall_segment Palisade Wall x1 |
| 2:22 | Ceeelebrate · wall_segment Palisade Wall x1 |
| 2:23 | Ceeelebrate · wall_segment Palisade Wall x1 |
| 2:25 | Ceeelebrate · wall_segment Palisade Wall x1 |
| 3:04 | HiddenZebra · wall_segment Palisade Wall x1 |
| 3:06 | HiddenZebra · wall_segment Palisade Wall x1 |
| 3:34 | HiddenZebra · wall_segment Palisade Wall x1 |
| 4:19 | Ceeelebrate · wall_segment Palisade Wall x1 |
| 4:21 | Ceeelebrate · wall_segment Palisade Wall x1 |
| 4:24 | Ceeelebrate · wall_segment Palisade Wall x1 |
| 4:26 | Ceeelebrate · wall_segment Palisade Wall x1 |
| 4:29 | Ceeelebrate · wall_segment Palisade Wall x1 |
| 4:34 | Ceeelebrate · wall_segment Palisade Wall x1 |
| 4:40 | Ceeelebrate · wall_segment Palisade Wall x1 |
| 4:53 | Ceeelebrate · wall_segment Palisade Wall x1 |
| 5:06 | Ceeelebrate · wall_segment Palisade Wall x1 |
| 7:29 | Ceeelebrate · first_building Dock |
| 7:39 | HiddenZebra · wall_segment Palisade Wall x1 |
| 8:05 | HiddenZebra · wall_segment Palisade Wall x1 |
| 8:09 | HiddenZebra · wall_segment Palisade Wall x1 |
| 10:48 | HiddenZebra · first_building Barracks |
| 12:15 | HiddenZebra · age_up feudal |
| 12:38 | Ceeelebrate · wall_segment Palisade Wall x1 |
| 12:41 | HiddenZebra · first_building Archery Range |
| 12:43 | Ceeelebrate · age_up feudal |
| 12:50 | Ceeelebrate · wall_segment Stone Wall x3 |
| 12:53 | Ceeelebrate · wall_segment Stone Wall x6 |
| 12:54 | Ceeelebrate · wall_segment Stone Wall x2 |
| 14:46 | Ceeelebrate · first_market_buy 100 stone |
| 15:07 | Ceeelebrate · first_market_sell 100 wood |
| 19:36 | HiddenZebra · first_market_sell 500 wood |
| 19:37 | HiddenZebra · first_market_buy 100 food |
| 23:00 | HiddenZebra · age_up castle |
| 23:29 | HiddenZebra · first_building Siege Workshop |
| 24:25 | Ceeelebrate · age_up castle |
| 24:27 | Ceeelebrate · first_building Siege Workshop |
| 24:55 | Ceeelebrate · first_building Castle |
| 25:33 | HiddenZebra · first_building Castle |
| 29:22 | HiddenZebra · wall_segment Stone Wall x1 |
| 29:23 | HiddenZebra · wall_segment Stone Wall x2 |
| 29:26 | HiddenZebra · wall_segment Stone Wall x1 |
| 31:05 | Ceeelebrate · first_building Barracks |
| 32:08 | HiddenZebra · wall_segment Stone Wall x1 |
| 32:11 | HiddenZebra · wall_segment Stone Wall x1 |
| 32:19 | Ceeelebrate · first_building Stable |
| 32:29 | Ceeelebrate · age_up imperial |
| 36:28 | HiddenZebra · age_up imperial |
| 37:12 | HiddenZebra · resign |
[ AI ANALYSIS · 1 CREDIT ]
What really happened in this match?
Wolo.gg analyzes every decision: build order, eco, micro, common mistakes by bracket. Personalized analysis on WhatsApp or Discord in 30 seconds.
Civ guide
Magyars
Perfil
Ceeelebrate